 Dungeon Crawl Stone Soup version 0.28-a0-413-gde365fb1df (webtiles) character file.

Game seed: 14551237634258000552

6315 heikuro the Carver (level 11, 0/89 HPs)
             Began as a Formicid Fighter on Sept 8, 2021.
             Was a Priest of the Shining One.
             Killed by the air
             ... invoked by Gastronok
              (29 damage)
             ... on level 10 of the Dungeon.
             The game lasted 00:14:06 (10635 turns).

heikuro the Carver (Formicid Fighter)              Turns: 10635, Time: 00:14:07

Health: 0/89       AC: 11    Str: 23    XL:     11   Next: 16%
Magic:  16/16      EV: 10    Int:  8    God:    the Shining One [***...]
Gold:   438        SH:  8    Dex: 15    Spells: 10/10 levels left

rFire   . . .      SeeInvis +   y - +3 long sword (freeze)
rCold   . . .      Faith    .   E - +2 buckler
rNeg    + . .      Spirit   .   m - +5 ring mail of the Slorg {Dex+4}
rPois   .          Reflect  .   (helmet unavailable)
rElec   .          Harm     .   (no cloak)
rCorr   .          Rampage  .   (no gloves)
Will    +....                   (no boots)
Stlth   +.........              (no amulet)
HPRegen 0.24/turn               (no ring)
MPRegen 0.15/turn               (no ring)

@: glowing, studying Fighting
A: permanent stasis, dig shafts and tunnels, antennae 3, four strong arms
a: Dig, Shaft Self, Renounce Religion, Divine Shield


You were on level 10 of the Dungeon.
You worshipped the Shining One.
The Shining One was most pleased with you.
You visited 2 branches of the dungeon, and saw 11 of its levels.

You collected 438 gold pieces.

Inventory:

Hand Weapons
 u - a +7 battleaxe
 y - a +3 long sword of freezing (weapon)
 B - a +1 scimitar of flaming
Missiles
 c - 24 poisoned darts
 f - 8 javelins
 C - a throwing net
 D - a curare-tipped dart
Armour
 g - a +0 plate armour
 m - the +5 ring mail of the Slorg (worn) {Dex+4}
   (You found it on level 5 of the Dungeon)

   Dex:       It affects your dexterity (+4).
 E - a +2 buckler (worn)
Wands
 a - a wand of mindburst (3)
 t - a wand of paralysis (12)
 v - a wand of charming (6)
 w - a wand of digging (4)
 A - a wand of iceblast (6)
Scrolls
 b - a scroll of brand weapon {unknown}
 h - a scroll of immolation {unknown}
 j - 5 scrolls of teleportation {unknown}
 n - a scroll of holy word {unknown}
 p - a scroll of amnesia {unknown}
 x - 2 scrolls of identify
 z - a scroll of acquirement {unknown}
Potions
 d - a potion of might
 e - a potion of magic {unknown}
 i - 4 potions of lignification
 k - 2 potions of flight
 l - a potion of invisibility {unknown}
 o - a potion of ambrosia {unknown}
 q - a potion of curing {unknown}
 r - a potion of mutation {unknown}
 s - a potion of haste {unknown}


   Skills:
 + Level 9.4 Fighting
 * Level 9.6 Long Blades
 + Level 8.0 Armour
 + Level 8.6 Shields
 + Level 7.7 Invocations


You had 10 spell levels left.
You didn't know any spells.
Your spell library contained the following spells:

 Spells                   Type           Power      Damage    Failure   Level
 Call Canine Familiar     Summ           0%         N/A       88%         3
 Portal Projectile        Hex/Tloc       0%         N/A       88%         3
 Leda's Liquefaction      Hex/Erth       0%         N/A       99%         4


Dungeon Overview and Level Annotations

Branches:
Dungeon (10/15)            Temple (1/1) D:5
   Lair: D:8-11         Orc: D:9-12

Altars:
Ashenzari
Cheibriados
Dithmenos
Elyvilon
Fedhas
Gozag
Hepliaklqana
Kikubaaqudgha
Nemelex Xobeh
Okawaru
Qazlal
Ru
Sif Muna
Trog
Uskayaw
Vehumet
Wu Jian
Xom
Yredelemnul
Zin
The Shining One

Shops:
D:6 *

Annotations:
D:10 Gastronok


Innate Abilities, Weirdness & Mutations

You cannot be hasted, slowed, berserked, paralysed or teleported.
You can dig through walls and to a lower floor.
You have a pair of large antennae on your head. (SInv)
Your four strong arms can wield two-handed weapons with a shield.


Message History

You open the door.
There is an open door here.
You open the door.
Gastronok the Ponderous comes into view.
He is wearing a +2 hat of stealth.
Gastronok gurgles horribly!
Gastronok waves his eye-stalks in wide circles.
The air twists around and strikes you!
You slash Gastronok! You freeze Gastronok.
Gastronok is lightly wounded.
You slash Gastronok! You freeze Gastronok.
Gastronok is moderately wounded.
Gastronok bites you!
You slash Gastronok! You freeze Gastronok.
Gastronok is moderately wounded.
You hit Gastronok. You freeze Gastronok.
Gastronok is moderately wounded.
Gastronok waves his eye-stalks in wide circles.
The air twists around and strikes you!!
You slash Gastronok! You freeze Gastronok!
Gastronok is heavily wounded.
You hit Gastronok but do no damage.
Gastronok is heavily wounded.
Gastronok bites you!!
You are too injured to fight recklessly!
You are too injured to fight recklessly!
You are too injured to fight recklessly!
You hit Gastronok. You freeze Gastronok.
Gastronok is heavily wounded.
You hit Gastronok. You freeze Gastronok.
Gastronok is heavily wounded.
You slash Gastronok! You freeze Gastronok.
Gastronok is severely wounded.
Gastronok bites you but does no damage.
You completely miss Gastronok.
Gastronok is severely wounded.
You slash Gastronok! You freeze Gastronok!
Gastronok is severely wounded.
Gastronok waves his eye-stalks in wide circles.
The air twists around and strikes you!!
You die...

#.##.#....#..#......#
######..............#
..........#######...#
..#.......'.....#...#
......#...#.....#...#
..........#######...#
....................#
..#########'#######.#
................@...#
########'########w..#
[..............#.#.#
...............#...#
...............#...#
...............#.#.#
###+############...#
....# .###.#


You could see Gastronok.

Vanquished Creatures
  Erica (D:8)
  An ugly thing (D:9)
  A manticore (D:9)
  The ghost of huihihh the Chopper, an amateur MiFi of Trog (D:4)
  A wraith (D:9)
  2 wyverns
  A steam dragon (D:7)
  An acid dragon (D:9)
  4 water moccasins
  2 black bears (D:5)
  4 ice beasts
  An orc warrior (D:7)
  An ogre (D:5)
  3 centaurs
  2 phantoms
  3 kobold brigands
  Blork the orc (D:6)
  A gnoll sergeant (D:8)
  4 bullfrogs
  A wyvern zombie (D:7)
  2 scorpions
  A water moccasin skeleton (D:6)
  9 killer bees
  5 wights
  A howler monkey (D:5)
  A bullfrog zombie (D:5)
  A centaur zombie (D:5)
  4 orc priests
  4 hounds
  A bullfrog skeleton (D:6)
  3 centaur skeletons
  2 iguanas
  8 orc wizards
  2 killer bee zombies
  2 howler monkey zombies
  3 howler monkey skeletons
  13 gnolls
  4 adders
  2 shadow imps
  2 ufetubi (D:5)
  A dart slug (D:4)
  23 orcs
  An endoplasm (D:1)
  5 giant cockroaches
  8 goblins
  4 hobgoblins
  6 jackals (D:1)
  4 quokkas
  8 ball pythons
  5 bats
  5 frilled lizards
  20 kobolds
  5 rats
201 creatures vanquished.

Vanquished Creatures (others)
  15 plants (D:5)
  5 toadstools (D:1)
20 creatures vanquished.

Grand Total: 221 creatures vanquished

Notes
Turn   | Place    | Note
-------+----------+-------------------------------------------
     0 | D:1      | heikuro the Formicid Fighter began the quest for the Orb.
     0 | D:1      | Reached XP level 1. HP: 18/18 MP: 1/1
    83 | D:1      | Found a faded altar of an unknown god.
    89 | D:1      | Became a worshipper of the Shining One
    89 | D:1      | Reached * piety under the Shining One
   135 | D:1      | Reached XP level 2. HP: 24/24 MP: 2/2
   341 | D:1      | Reached XP level 3. HP: 28/29 MP: 3/3
   390 | D:1      | Reached skill level 1 in Invocations
  1266 | D:3      | Reached XP level 4. HP: 27/36 MP: 3/5
  1876 | D:3      | Found a broken altar of Ashenzari.
  1899 | D:3      | Found a glowing silver altar of Zin.
  2024 | D:3      | Reached XP level 5. HP: 41/42 MP: 6/6
  2130 | D:4      | Reached ** piety under the Shining One
  2435 | D:4      | Noticed huihihh's ghost (amateur MiFi)
  2440 | D:4      | Found a runed translucent door.
  2479 | D:4      | Noticed a bullfrog
  2486 | D:4      | Killed a bullfrog
  2487 | D:4      | Reached XP level 6. HP: 35/48 MP: 7/7
  3120 | D:5      | Entered Level 5 of the Dungeon
  3128 | D:5      | Noticed an ice beast
  3146 | D:5      | HP: 1/49 [ice beast (13)]
  3147 | D:5      | Killed an ice beast
  3148 | D:5      | Reached XP level 7. HP: 1/55 MP: 9/9
  3475 | D:5      | Identified the +5 ring mail of the Slorg {Dex+4}
  3586 | D:5      | Reached skill level 5 in Shields
  3779 | D:5      | Reached skill level 5 in Fighting
  3779 | D:5      | Reached skill level 5 in Long Blades
  3779 | D:5      | Reached skill level 5 in Armour
  3779 | D:5      | Reached XP level 8. HP: 61/62 MP: 10/10
  3885 | D:5      | Found an iron altar of Okawaru.
  3984 | D:5      | Found a staircase to the Ecumenical Temple.
  3994 | Temple   | Entered the Ecumenical Temple
  4696 | D:4      | Killed huihihh's ghost
  5007 | D:6      | Noticed Blork the orc
  5363 | D:6      | Reached XP level 9. HP: 66/69 MP: 12/12
  5450 | D:6      | Killed Blork the orc
  5451 | D:6      | Reached skill level 5 in Invocations
  5822 | D:6      | Reached *** piety under the Shining One
  5825 | D:6      | Found a sparkling altar of Nemelex Xobeh.
  6163 | D:6      | Found Witidu's General Store.
  6372 | D:6      | Found a basalt altar of Yredelemnul.
  6852 | D:7      | Reached XP level 10. HP: 46/79 MP: 14/14
  7534 | D:8      | Noticed Erica
  7546 | D:8      | Killed Erica
  9544 | D:9      | Noticed a manticore
  9550 | D:9      | Killed a manticore
  9750 | D:9      | Reached XP level 11. HP: 80/89 MP: 16/16
  9963 | D:9      | Noticed a brown ugly thing
  9978 | D:9      | Killed a brown ugly thing
 10295 | D:9      | Found a bloodstained altar of Trog.
 10446 | D:10     | Entered Level 10 of the Dungeon
 10607 | D:10     | Noticed Gastronok
 10635 | D:10     | Killed from afar by Gastronok

Illustrated notes

Levels and vault maps discovered:
D:1:      ldierk_walled_garden, layout_basic,
          dreamdust_ecumenical_altar_angels_and_demons
D:2:      layout_loops_ring, chequers_serial_rivers_marsh, grunt_decor_cap,
          serial_bayou_pond_c
D:3:      layout_loops_ring, mainiacjoe_overflow_swirl
D:4:      layout_gridville, hellmonk_ghost_happy_afterlife
D:5:      layout_rooms, nicolae_overflow_crystal_walls,
          lemuel_temple_firewalk_a, st_stairs_14, serial_bayou_lagoon_a
D:6:      layout_rooms, mainiacjoe_overflow_tiny_flanked,
          mainiacjoe_overflow_alcove_2, serial_shops, nicolae_lakefront_shop,
          minmay_manual_mares, uniq_blork_the_orc
D:7:      layout_rooms, kennysheep_generic_room_5
D:8:      layout_gridville, uniq_erica
D:9:      layout_long_grid, kennysheep_mini, nrook_mini_backslash,
          grunt_ministairs_8
D:10:     layout_stronghold, kennysheep_mini_moat, david_orc_2, uniq_grum,
          uniq_harold, uniq_josephine, uniq_gastronok
Temple:   regret_index_temple_waves

Skill      XL: |  1  2  3  4  5  6  7  8  9 10 11 |
---------------+----------------------------------+-----
Invocations    | 1 2 3 4 6 7 |  7.7
Shields        | 4 5 6 7 8 |  8.6
Long Blades    | 3 4 5 6 7 9 |  9.6
Fighting       | 4 5 7 9 |  9.4
Armour         | 4 5 6 7 8 |  8.0

Action                   |  1- 3 |  4- 6 |  7- 9 | 10-12 || total
-------------------------+-------+-------+-------+-------++-------
Melee: Long sword        |    74 |   103 |   170 |   214 ||   561
       Scimitar          |       |       |    70 |       ||    70
Invok: Divine Shield     |       |       |     2 |     3 ||     5
 Abil: Dig               |       |       |     1 |     3 ||     4
  Use: Scroll            |     1 |     2 |       |       ||     3
Armor: Scale mail        |    27 |       |       |       ||    27
       Plate armour      |     9 |    62 |    15 |       ||    86
       Ring mail         |       |       |   127 |    64 ||   191
Dodge: Dodged            |    33 |    20 |   127 |    83 ||   263
Block: Buckler           |    26 |    29 |    95 |    81 ||   231

Table legend: (Time is in decaauts)
 A = Elapsed time spent in this place.
 B = Non-inter-level travel time spent in this place.
 C = Inter-level travel time spent in this place.
 D = Time resting spent in this place.
 E = Time spent auto-exploring this place.
 F = Levels seen in this place.
 G = Mean time per level.
                   A        B        C        D        E       F      G
               +--------+--------+--------+--------+--------+-----+--------+
         Total |  10736 |  10224 |    512 |   3412 |   5006 |  11 |  976.0 |
       Dungeon |  10567 |  10085 |    482 |   3412 |   4882 |  10 | 1056.7 |
        Temple |    169 |    140 |     29 |      0 |    123 |   1 |  169.0 |
               +--------+--------+--------+--------+--------+-----+--------+

Top non-repeatable levels by time:
     D:5: 1884 daAuts
     D:8: 1697 daAuts
     D:4: 1476 daAuts
     D:9: 1303 daAuts
     D:3: 939 daAuts
     D:6: 927 daAuts
     D:7: 860 daAuts
     D:1: 747 daAuts
     D:2: 544 daAuts
    D:10: 187 daAuts
  Temple: 169 daAuts
